 Dungeon Crawl Stone Soup version 0.29-a0-352-g0917bc69df (webtiles) character file.

Game seed: 14222976077923990937

134619 spaghetti the Quickloader (level 17, -6/133 HPs)
             Began as a Gnoll Wanderer on Apr 23, 2022.
             Was the Champion of Cheibriados.
             Killed from afar by a shock serpent (20 damage)
             ... with a bolt of electricity
             ... on level 4 of the Snake Pit.
             The game lasted 01:33:22 (41664 turns).

spaghetti the Quickloader (Gnoll Wanderer)         Turns: 41664, Time: 01:33:23

Health: -6/133     AC: 13    Str: 40    XL:     17   Next: 17%
Magic:  11/32      EV: 22    Int: 35    God:    Cheibriados [******]
Gold:   2465       SH:  0    Dex: 26    Spells: 16/39 levels left

rFire   . . .      SeeInvis +   b - +8 great sword of Caahai {venom, Str+7 SInv, long}
rCold   . . .      Faith    .   (shield currently unavailable)
rNeg    + . .      Spirit   .   V - +2 leather armour {rPois}
rPois   +          Reflect  .   P - +0 mask of the Dragon {Will+ Slay+3 SInv}
rElec   .          Harm     .   X - +2 cloak
rCorr   .          Rampage  .   G - +2 pair of gloves
Will    ++...                   (no boots)
Stlth   +++++.....              d - amulet "Keibin" {RegenMP +Inv rN+}
HPRegen 0.32/turn               K - +6 ring of intelligence
MPRegen 0.63/turn               q - ring of wizardry

@: very slow
A: fangs 1, strong nose, distributed training
a: Renounce Religion, Evoke Invisibility, Bend Time, Temporal Distortion,
Slouch, Step From Time


You were on level 4 of the Snake Pit.
You worshipped Cheibriados.
Cheibriados was exalted by your worship.
You visited 5 branches of the dungeon, and saw 28 of its levels.

You collected 3194 gold pieces.
You spent 729 gold pieces at shops.


Innate Abilities, Weirdness & Mutations

You have very sharp teeth.
Your uncanny sense of smell can sniff out nearby items.
Your experience applies equally to all skills.


   Skills:
 + Level 11.7 Fighting
 + Level 11.4 Short Blades
 + Level 11.4 Long Blades
 + Level 11.4 Axes
 + Level 11.4 Maces & Flails
 + Level 11.4 Polearms
 + Level 11.4 Staves
 + Level 11.4 Slings
 + Level 11.4 Bows
 + Level 13.1 Crossbows
 + Level 11.4 Throwing
 + Level 11.4 Armour
 + Level 11.4 Dodging
 + Level 11.4 Stealth
 + Level 11.4 Shields
 + Level 11.4 Unarmed Combat
 + Level 11.8 Spellcasting
 + Level 9.7 Conjurations
 + Level 9.7 Hexes
 + Level 9.7 Summonings
 + Level 9.7 Necromancy
 + Level 9.7 Translocations
 + Level 9.7 Transmutations
 + Level 9.7 Fire Magic
 + Level 9.7 Ice Magic
 + Level 11.9 Air Magic
 + Level 9.7 Earth Magic
 + Level 9.7 Poison Magic
 + Level 12.4 Invocations
 + Level 11.7 Evocations


You had 16 spell levels left.
You knew the following spells:

 Your Spells              Type           Power      Damage    Failure   Level
a - Sticky Flame          Conj/Fire      73%        2d9       1%          4
b - Call Canine Familiar  Summ           73%        N/A       1%          3
c - Eringya's Noxious Bo  Tmut/Pois      36%        N/A       2%          6
d - Sublimation of Blood  Necr           73%        N/A       1%          2
e - Necromutation         Tmut/Necr      36%        N/A       69%         8

Your spell library contained the following spells:

 Spells                   Type           Power      Damage    Failure   Level
 Foxfire                  Conj/Fire      100%       2x1d9     1%          1
 Magic Dart               Conj           100%       1d8       1%          1
 Poisonous Vapours        Pois/Air       100%       N/A       1%          2
 Searing Ray              Conj           100%       2d8       1%          2
 Static Discharge         Conj/Air       77%        N/A       1%          2
 Confusing Touch          Hex            73%        N/A       1%          3
 Conjure Flame            Conj/Fire      73%        6-21      1%          3
 Dazzling Flash           Conj/Hex       100%       N/A       1%          3
 Inner Flame              Hex/Fire       73%        N/A       1%          3
 Portal Projectile        Hex/Tloc       100%       N/A       1%          3
 Dispel Undead            Necr           73%        3d24      1%          4
 Flame Wave               Conj/Fire      73%        2d13      1%          4
 Fulminant Prism          Conj/Hex       36%        3d18      1%          4
 Leda's Liquefaction      Hex/Erth       36%        N/A       1%          4
 Petrify                  Tmut/Erth      73%        N/A       1%          4
 Agony                    Necr           73%        N/A       1%          5
 Alistair's Intoxication  Tmut/Pois      48%        N/A       1%          5
 Borgnjor's Vile Clutch   Necr/Erth      36%        N/A       1%          5
 Irradiate                Conj/Tmut      36%        3d25      1%          5
 Silence                  Hex/Air        38%        N/A       1%          5
 Yara's Violent Unravell  Hex/Tmut       36%        3d15      1%          5
 Dispersal                Tloc           36%        N/A       2%          6
 Enfeeble                 Hex            36%        N/A       14%         7
 Borgnjor's Revivificati  Necr           36%        N/A       69%         8
 Disjunction              Tloc           36%        N/A       69%         8
 Death's Door             Necr           36%        N/A       100%        9

Inventory:

Hand Weapons
 a - a +2 hand crossbow {crossbow}
 b - the +8 great sword of Caahai (weapon) {venom, Str+7 SInv, long}
   (You acquired it on level 5 of the Dungeon)

   It poisons the flesh of those it strikes.
   Str:       It affects your strength (+7).
   SInv:      It lets you see invisible.
 c - the +11 short sword "Impbane" {holy, Int+5, short}
   (You took it off a kobold on level 10 of the Dungeon)

   It has been blessed by the Shining One to cause great damage to the undead
   and demons.
   Int:       It affects your intelligence (+5).
Missiles
 f - 7 curare-tipped darts {=fthrowing}
 g - 4 poisoned darts {throwing}
 x - 4 atropa-tipped darts {throwing}
 I - 3 silver javelins {throwing}
 W - 4 boomerangs (quivered) {throwing}
Armour
 G - a +2 pair of gloves (worn)
   (You found it on level 8 of the Dungeon)
 P - the +0 mask of the Dragon (worn) {Will+ Slay+3 SInv}
   (You found it on level 4 of the Lair of Beasts)

   Slay:      It affects your accuracy & damage with ranged weapons and melee
   (+3).
   SInv:      It lets you see invisible.
   Will:      It increases your willpower.
 R - a +3 plate armour of willpower
   (You took it off Donald on level 2 of the Orcish Mines)
 V - a +2 leather armour of poison resistance (worn)
   (You took it off an orc on level 2 of the Orcish Mines)
 X - a +2 cloak (worn)
   (You found it on level 1 of the Lair of Beasts)
Magical Staves
 A - a staff of death {!astaff}
   (You found it on level 2 of the Snake Pit)
Jewellery
 d - the amulet "Keibin" (around neck) {RegenMP +Inv rN+}
   (You acquired it on level 2 of the Lair of Beasts)

   [amulet of magic regeneration]

   It increases your rate of magic regeneration.
   rN:        It protects you from negative energy.
   +Inv:      It lets you turn invisible.
 h - an amulet of the acrobat
   (You found it on level 13 of the Dungeon)
 q - a ring of wizardry (right hand)
   (You found it on level 15 of the Dungeon)
 w - a +4 ring of protection
   (You found it on level 15 of the Dungeon)
 H - the ring "Rize" {Fire Will+ Str-3 Dex+8}
   (You took it off a centaur on level 10 of the Dungeon)

   [ring of fire]

   It enhances your fire magic.
   Str:       It affects your strength (-3).
   Dex:       It affects your dexterity (+8).
   rF:        It protects you from fire.
   rC:        It makes you vulnerable to cold.
   Will:      It increases your willpower.
 J - an amulet of reflection
   (You took it off a deep elf pyromancer on level 9 of the Dungeon)
 K - a +6 ring of intelligence (left hand)
   (You took it off a kobold brigand on level 10 of the Dungeon)
Wands
 l - a wand of flame (12)
   (You found it on level 2 of the Snake Pit)
 n - a wand of iceblast (7)
   (You took it off a naga on level 3 of the Snake Pit)
Scrolls
 e - a scroll of brand weapon
 j - 6 scrolls of magic mapping {!r}
 m - 2 scrolls of silence {!r}
 v - 6 scrolls of teleportation {@r4}
 y - a scroll of enchant weapon
 C - 5 scrolls of enchant armour
 D - 3 scrolls of summoning
 F - 4 scrolls of fear
 L - 5 scrolls of immolation {!r!r}
 O - 2 scrolls of vulnerability {!r!r}
Potions
 i - a potion of might
 k - a potion of invisibility
 o - 3 potions of ambrosia
 p - a potion of haste {forbidden@q3}
 r - 2 potions of cancellation
 s - a potion of mutation {!q}
 z - 2 potions of brilliance
 B - 3 potions of flight
 E - a potion of resistance
 T - 2 potions of magic
Miscellaneous
 t - a condenser vane (inert)
   (You found it on level 3 of the Lair of Beasts)
 u - a phantom mirror (inert)
   (You found it on level 13 of the Dungeon)
 M - a tin of tremorstones (2/2) {throwing}
   (You found it on level 12 of the Dungeon)
 N - a lightning rod (4/4)
   (You found it on level 10 of the Dungeon)
 Q - a box of beasts (inert)
   (You found it on level 4 of the Lair of Beasts)
 Y - a phial of floods
   (You found it on level 3 of the Lair of Beasts)

Dungeon Overview and Level Annotations

Branches:
Dungeon (15/15)            Temple (1/1) D:4            Lair (6/6) D:11
  Swamp (0/4) Lair:4        Snake (4/4) Lair:2          Orc (2/2) D:12
    Elf (0/3) Orc:2        Vaults (0/5) D:13         Depths (0/4) D:15
  Slime: Lair:5-6

Altars:
Ashenzari
Cheibriados
Dithmenos
Elyvilon
Fedhas
Gozag
Hepliaklqana
Kikubaaqudgha
Makhleb
Nemelex Xobeh
Qazlal
Ru
Uskayaw
Vehumet
Wu Jian
Xom
Zin
The Shining One
Beogh

Shops:
D:6 (?[   D:12 *   Orc:1 (   Orc:2 ([*=?

Annotations:
D:2 1 runed translucent door, Crazy Yiuf
D:7 3 runed translucent doors, pigah's ghost, novice OpAE
D:12 2 runed translucent doors, 1 exclusion, siradein's ghost, journeyman DjFE
Lair:3 2 exclusions
Lair:4 2 transporters, 3 exclusions, greenreed's ghost, journeyman GnAE
Snake:1 1 exclusion
Snake:3 1 exclusion

##....# ##...##
##...# ##..##
#...### # #
#.....#### ..
#.
##.....#.######
...#[
#..##..#.....#
......####
##..####..)@.#
[.....#... #...
###S)..#
#......... ####
##....# #.<..
##...... #....
.}.#.# #....
#..# # .....
#... ...... ###
#...... #######


You could see a shock serpent (burning, extremely poisoned).


Message History

😮 HP[+1] Throw: 4 boomerangs {throwing}
Press: ? - help, Q - select action, (/) - cycle Shift-Dir - straight line, f - shock serpent, p - naga sharpshooter
Aim: a shock serpent (64% to hit)
Really fire in your warg's direction?
Okay, then.
You warp the flow of time around you!
Cheibriados lowers the support of your attributes as your movement quickens. 😮 MP[-4]
You lost 4 mp, and now have 20/32 mp.
Casting: Call Canine Familiar (safe; 1% risk of failure)
Confirm with . or Enter, or press ? or * to list all spells.
Casting: Eringya's Noxious Bog (dangerous; 2% risk of failure)
Press: ? - help, Dir - look around, f - activate Splash!
You fall into the toxic bog.
Moving in this stuff is going to be slow.
You spew toxic sludge!
The naga sharpshooter festers in the toxic bog!
The naga sharpshooter is poisoned. 😮 MP[-5]
You lost 5 mp, and now have 15/32 mp.
Casting: Eringya's Noxious Bog (dangerous; 2% risk of failure)
Confirm with . or Enter, or press ? or * to list all spells.
Aiming: Sticky Flame (safe; 1% risk of failure)
Press: ? - help, Shift-Dir - straight line, f - naga
Aim: a naga, wielding a +1 antimagic scimitar and wearing a +0 robe (100% to hit)
The sticky flame hits the naga!
The naga is covered in liquid flames!
The naga burns!
Your warg festers in the toxic bog!
Your warg is poisoned.
Your warg bites the naga sharpshooter!
The naga closely misses your warg. x2 😮 MP[-4]
You lost 4 mp, and now have 11/32 mp.
You hit the naga but do no damage.
The naga is poisoned.
The naga burns!
The shock serpent closely misses you.
The naga sharpshooter festers in the toxic bog.
The naga sharpshooter looks as sick as possible!
The naga sharpshooter shoots a bolt.
The bolt hits your warg!!
Your warg festers in the toxic bog.
Your warg looks as sick as possible!
You kill your warg!
Your warg's corpse disappears in a puff of smoke!
The shock serpent bites you!
The shock serpent shocks you! 😮 HP[-18] MP[+1]
You take 18 damage, and now have 77/133 hp.
You closely miss the shock serpent.
The naga sharpshooter shouts!
The flames covering the naga go out.
The naga stops burning.
The naga sharpshooter festers in the toxic bog!
The naga sharpshooter looks as sick as possible!
The naga sharpshooter shoots a bolt.
The bolt hits you. The shock serpent bites you. The shock serpent shocks you!
* * * LOW HITPOINT WARNING * * *
You hear a shout! 😨 HP[-21] MP[+1]
You take 21 damage, and now have 56/133 hp.
You chop the naga into pieces!!!
You kill the naga!
Cheibriados appreciates the change of pace.
You hear a shout!
The shock serpent bites you.
* * * LOW HITPOINT WARNING * * *
The shock serpent shocks you!
* * * LOW HITPOINT WARNING * * *
The naga sharpshooter festers in the toxic bog!
The naga sharpshooter looks as sick as possible!
The naga sharpshooter shoots a bolt.
The bolt closely misses you.
The shock serpent bites you but does no damage.
The naga sharpshooter festers in the toxic bog!
The naga sharpshooter looks as sick as possible!
You kill the naga sharpshooter!
Cheibriados thoroughly appreciates the change of pace.
Cheibriados raises the support of your attributes as your movement slows. 😨 HP[-16] MP[+1]
You take 16 damage, and now have 40/133 hp.
Casting: Sticky Flame (safe; 1% risk of failure)
Confirm with . or Enter, or press ? or * to list all spells.
Aiming: Sticky Flame (safe; 1% risk of failure)
Press: ? - help, Shift-Dir - straight line, f - shock serpent
Aim: a shock serpent (100% to hit)
The sticky flame hits the shock serpent!
The shock serpent is covered in liquid flames!
The shock serpent's electric aura discharges, shocking you!
* * * LOW HITPOINT WARNING * * *
Your noxious spew wanes.
The shock serpent burns!
The shock serpent bites you.
* * * LOW HITPOINT WARNING * * *
The shock serpent shocks you!
* * * LOW HITPOINT WARNING * * *
😱 HP[-24] MP[-4]
You take 24 damage, and now have 16/133 hp.
You lost 4 mp, and now have 10/32 mp.
You slash the shock serpent!
The shock serpent looks as sick as possible!
The shock serpent's electric aura discharges, shocking you!
* * * LOW HITPOINT WARNING * * *
The shock serpent burns!
The shock serpent shoots out a bolt of lightning at you!
The bolt of electricity hits you!!
You die...

Skill      XL: |  1  2  3  4  5  6  7  8  9 10 11 12 13 14 15 16 |
---------------+-------------------------------------------------+-----
Invocations    | 1 2 3 4 5 6 7 8 9 10 11 12 | 12.4
Short Blades   | 1 2 3 5 6 7 8 9 10 11 | 11.4
Long Blades    | 1 2 3 5 6 7 8 9 10 11 | 11.4
Axes           | 1 2 3 5 6 7 8 9 10 11 | 11.4
Maces & Flails | 1 2 3 5 6 7 8 9 10 11 | 11.4
Polearms       | 1 2 3 5 6 7 8 9 10 11 | 11.4
Staves         | 1 2 3 5 6 7 8 9 10 11 | 11.4
Slings         | 1 2 3 5 6 7 8 9 10 11 | 11.4
Bows           | 1 2 3 5 6 7 8 9 10 11 | 11.4
Throwing       | 1 2 3 5 6 7 8 9 10 11 | 11.4
Armour         | 1 2 3 5 6 7 8 9 10 11 | 11.4
Dodging        | 1 2 3 5 6 7 8 9 10 11 | 11.4
Stealth        | 1 2 3 5 6 7 8 9 10 11 | 11.4
Shields        | 1 2 3 5 6 7 8 9 10 11 | 11.4
Unarmed Combat | 1 2 3 5 6 7 8 9 10 11 | 11.4
Spellcasting   | 3 4 5 6 7 8 9 10 11 | 11.8
Conjurations   | 1 2 3 4 5 6 7 8 9 |  9.7
Hexes          | 1 2 3 4 5 6 7 8 9 |  9.7
Summonings     | 1 2 3 4 5 6 7 8 9 |  9.7
Necromancy     | 1 2 3 4 5 6 7 8 9 |  9.7
Translocations | 1 2 3 4 5 6 7 8 9 |  9.7
Transmutations | 1 2 3 4 5 6 7 8 9 |  9.7
Fire Magic     | 1 2 3 4 5 6 7 8 9 |  9.7
Ice Magic      | 1 2 3 4 5 6 7 8 9 |  9.7
Earth Magic    | 1 2 3 4 5 6 7 8 9 |  9.7
Poison Magic   | 1 2 3 4 5 6 7 8 9 |  9.7
Fighting       | 3 4 5 6 7 8 9 10 11 | 11.7
Evocations     | 3 4 5 6 7 8 9 10 11 | 11.7
Crossbows      | 7 8 9 10 11 12 13 | 13.1
Air Magic      | 8 9 10 11 | 11.9

Action                   |  1- 3 |  4- 6 |  7- 9 | 10-12 | 13-15 | 16-18 || total
-------------------------+-------+-------+-------+-------+-------+-------++-------
Melee: Mace              |       |    54 |    18 |       |       |       ||    72
       Punch             |       |     2 |     2 |       |     2 |       ||     6
       Bite              |       |     1 |    10 |    49 |   112 |    10 ||   182
       Great sword       |       |       |   163 |   301 |   562 |    78 ||  1104
       Short sword       |       |       |       |    22 |    21 |       ||    43
       Scimitar          |       |       |       |     4 |    12 |       ||    16
 Fire: Hand crossbow     |    89 |   111 |    13 |    33 |     9 |       ||   255
Throw: Stone             |       |       |    86 |    39 |    50 |       ||   175
       Boomerang         |       |       |       |       |   139 |   328 ||   467
       Javelin           |       |       |       |       |       |    11 ||    11
       Dart              |       |       |       |       |       |     2 ||     2
 Cast: Call Canine Famil |       |       |       |       |    51 |    21 ||    72
       Sticky Flame      |       |       |       |       |    21 |    22 ||    43
       Eringya's Noxious |       |       |       |       |     9 |    51 ||    60
Invok: Bend Time         |       |       |     1 |     2 |     1 |       ||     4
       Slouch            |       |       |       |     4 |     7 |     4 ||    15
       Step From Time    |       |       |       |       |     4 |     1 ||     5
       Temporal Distorti |       |       |       |       |       |     4 ||     4
Evoke: Wand              |     3 |       |       |     4 |     6 |       ||    13
       Lightning rod     |       |       |       |       |    10 |     3 ||    13
       Condenser vane    |       |       |       |       |     2 |     2 ||     4
       Box of beasts     |       |       |       |       |     2 |     2 ||     4
       Phial of floods   |       |       |       |       |     2 |     1 ||     3
       Phantom mirror    |       |       |       |       |     1 |     2 ||     3
  Use: Scroll            |       |       |     7 |    14 |    13 |     8 ||    42
       Potion            |       |       |     7 |     7 |     8 |     2 ||    24
 Stab: Invisible         |       |       |       |       |     4 |       ||     4
       Distracted        |       |       |       |       |     4 |       ||     4
       Fleeing           |       |       |       |       |       |     1 ||     1
       Sleeping          |       |       |       |       |       |     1 ||     1
Armor: Leather armour    |    10 |    30 |       |       |       |    25 ||    65
       Crystal plate arm |       |       |   200 |   359 |   603 |       ||  1162
       Skin              |       |       |       |     2 |       |       ||     2
       Plate armour      |       |       |       |       |     2 |       ||     2
Dodge: Dodged            |    24 |    85 |    89 |   255 |   618 |   147 ||  1218
Block: Other             |       |       |       |    93 |   247 |    16 ||   356
       Reflection        |       |       |       |     2 |    20 |     4 ||    26

Levels and vault maps discovered:
D:1:      minmay_arrival_four_loops, layout_loops_corners
D:2:      layout_basic, kennysheep_cluttered_room, uniq_crazy_yiuf_cottage
D:3:      layout_loops_corners, overflow_temple_1_default
D:4:      layout_basic, minmay_temple_entry_junction,
          chequers_serial_rivers_large_b
D:5:      layout_basic
D:6:      layout_basic, serial_shops, nicolae_shop_behind_doors,
          nicolae_shop_temple_entry_statues_fountains, nicolae_take_the_stairs,
          uniq_blork_the_orc, uniq_menkaure
D:7:      layout_basic, ebering_ghost_rock_garden
D:8:      layout_gridville
D:9:      layout_basic
D:10:     minmay_cut_squares, layout_basic, uniq_erolcha, uniq_erica
D:11:     layout_layer_cave, erik_lair_orcish_takeover, uniq_gastronok,
          uniq_psyche
D:12:     layout_basic, orc_0_dummy, serial_shops, shop,
          ebering_ghost_disaster_area
D:13:     layout_roguey, skrybe_vaults_entry_preservation, uniq_kirke
D:14:     layout_basic, nzn_wu_jian_contemplation, uniq_roxanne
D:15:     grunt_enter_depths_snipers, layout_gridville
Temple:   compressed_dpeg_triangle_lava_temple
Lair:1:   layout_chaotic_city, grunt_megastairs_4
Lair:2:   layout_regular_city, dummy_snake_entry, grunt_megastairs_1
Lair:3:   mu_elephants_graveyard, layout_hall_layers, minmay_lair_oklob_items,
          minmay_lindwurm_lava, serial_bayou_shore_b
Lair:4:   layout_layer_cave, minmay_swamp_entry_eels, gammafunk_ghost_arena,
          pf_torpor_hydra
Lair:5:   layout_cave_shapes, wad_woods_01, grunt_megastairs_2
Lair:6:   minmay_lair_end_enchanted_forest, layout_regular_city, slime_altar_1,
          portal_ice_cave_entry_imps, st_stairs_5, kennysheep_rathole,
          infiniplex_staircase_pool
Snake:1:  layout_grid_shapes, st_stairs_7
Snake:2:  layout_misc_corridors, nicolae_large_snake_swirl
Snake:3:  layout_rooms, statue_in_the_mist_lemuel
Snake:4:  grunt_snake_rune_spirals, layout_onion, ebering_ghost_rock_garden
Orc:1:    layout_caves, serial_shops, shop, basic_altar
Orc:2:    st_orc_congregation, layout_caves, serial_shops, nicolae_shop_crystal,
          uniq_donald

Notes
Turn   | Place    | Note
-------+----------+-------------------------------------------
     0 | D:1      | spaghetti the Gnoll Wanderer began the quest for the Orb.
     0 | D:1      | spaghetti set off with the following items: a +2 hand
                  | crossbow {crossbow}, a wand of flame (3), a scroll of
                  | teleportation {@r4}, a +0 leather armour; and the following
                  | spells available to memorise: Poisonous Vapours, Static
                  | Discharge
     0 | D:1      | Reached XP level 1. HP: 17/17 MP: 4/4
     0 | D:1      | magus.rc [v1.9.6]
    11 | D:1      | You pick up a book of Touch and begin reading...
    11 | D:1      | You add the spells Sticky Flame and Dispel Undead to your
                  | library.
   236 | D:1      | You fall into a shaft and drop 1 floor!
   245 | D:2      | Reached XP level 2. HP: 13/23 MP: 5/5
   692 | D:2      | Reached XP level 3. HP: 16/28 MP: 7/7
  1116 | D:2      | Found a runed translucent door.
  1117 | D:2      | Noticed Crazy Yiuf
  1175 | D:2      | Reached skill level 1 in Invocations
  1843 | D:3      | Noticed a scorpion
  1853 | D:3      | Killed a scorpion
  1854 | D:3      | Reached skill level 1 in Short Blades
  1854 | D:3      | Reached skill level 1 in Long Blades
  1854 | D:3      | Reached skill level 1 in Axes
  1854 | D:3      | Reached skill level 1 in Maces & Flails
  1854 | D:3      | Reached skill level 1 in Polearms
  1854 | D:3      | Reached skill level 1 in Staves
  1854 | D:3      | Reached skill level 1 in Slings
  1854 | D:3      | Reached skill level 1 in Bows
  1854 | D:3      | Reached skill level 1 in Throwing
  1854 | D:3      | Reached skill level 1 in Armour
  1854 | D:3      | Reached skill level 1 in Dodging
  1854 | D:3      | Reached skill level 1 in Stealth
  1854 | D:3      | Reached skill level 1 in Shields
  1854 | D:3      | Reached skill level 1 in Unarmed Combat
  1854 | D:3      | Reached skill level 3 in Spellcasting
  1854 | D:3      | Reached skill level 1 in Conjurations
  1854 | D:3      | Reached skill level 1 in Hexes
  1854 | D:3      | Reached skill level 1 in Summonings
  1854 | D:3      | Reached skill level 1 in Necromancy
  1854 | D:3      | Reached skill level 1 in Translocations
  1854 | D:3      | Reached skill level 1 in Transmutations
  1854 | D:3      | Reached skill level 1 in Fire Magic
  1854 | D:3      | Reached skill level 1 in Ice Magic
  1854 | D:3      | Reached skill level 1 in Earth Magic
  1854 | D:3      | Reached skill level 1 in Poison Magic
  1854 | D:3      | Reached XP level 4. HP: 13/34 MP: 8/8
  1858 | D:3      | HP: 8/34 [poisoned by a scorpion]
  2262 | D:3      | Found a burning altar of Makhleb.
  2858 | D:3      | Reached XP level 5. HP: 20/40 MP: 9/9
  3282 | D:4      | Reached skill level 3 in Fighting
  3282 | D:4      | Reached skill level 3 in Evocations
  3666 | D:4      | You pick up a book of Misfortune and begin reading...
  3666 | D:4      | You add the spells Confusing Touch, Yara's Violent
                  | Unravelling and Enfeeble to your library.
  3672 | D:4      | Learned a level 4 spell: Sticky Flame
  3674 | D:4      | Found a staircase to the Ecumenical Temple.
  3693 | Temple   | Entered the Ecumenical Temple
  3736 | Temple   | Became a worshipper of Cheibriados the Contemplative
  3870 | D:4      | Reached skill level 2 in Invocations
  3870 | D:4      | Reached XP level 6. HP: 20/47 MP: 9/11
  4310 | D:5      | Entered Level 5 of the Dungeon
  4451 | D:5      | Noticed a black bear
  4465 | D:5      | Killed a black bear
  4466 | D:5      | Reached skill level 2 in Short Blades
  4466 | D:5      | Reached skill level 2 in Long Blades
  4466 | D:5      | Reached skill level 2 in Axes
  4466 | D:5      | Reached skill level 2 in Maces & Flails
  4466 | D:5      | Reached skill level 2 in Polearms
  4466 | D:5      | Reached skill level 2 in Staves
  4466 | D:5      | Reached skill level 2 in Slings
  4466 | D:5      | Reached skill level 2 in Bows
  4466 | D:5      | Reached skill level 2 in Throwing
  4466 | D:5      | Reached skill level 2 in Armour
  4466 | D:5      | Reached skill level 2 in Dodging
  4466 | D:5      | Reached skill level 2 in Stealth
  4466 | D:5      | Reached skill level 2 in Shields
  4466 | D:5      | Reached skill level 2 in Unarmed Combat
  5099 | D:5      | Reached XP level 7. HP: 37/52 MP: 12/12
  5116 | D:6      | Found Gezos's Antique Weapon Emporium.
  5121 | D:6      | Noticed Blork the orc
  5132 | D:5      | Reached skill level 7 in Crossbows
  5134 | D:5      | HP: 9/52 [gnoll shaman/+0 whip (6)]
  5138 | D:5      | HP: 4/52 [gnoll shaman/+0 whip (9)]
  5139 | D:5      | HP: 1/52 [gnoll shaman/+0 whip (3)]
  5425 | D:5      | Identified a scroll of acquirement
  5430 | D:5      | Acquired the +5 crystal plate armour "Etopeoq" {rCorr}
  5431 | D:5      | e - the +5 crystal plate armour "Etopeoq" {rCorr, rare=g}
  5442 | D:5      | You finish putting on the +5 crystal plate armour "Etopeoq"
                  | {rCorr, rare=g}.
  5664 | D:5      | Reached skill level 2 in Conjurations
  5664 | D:5      | Reached skill level 2 in Hexes
  5664 | D:5      | Reached skill level 2 in Summonings
  5664 | D:5      | Reached skill level 2 in Necromancy
  5664 | D:5      | Reached skill level 2 in Translocations
  5664 | D:5      | Reached skill level 2 in Transmutations
  5664 | D:5      | Reached skill level 2 in Fire Magic
  5664 | D:5      | Reached skill level 2 in Ice Magic
  5664 | D:5      | Reached skill level 2 in Earth Magic
  5664 | D:5      | Reached skill level 2 in Poison Magic
  5745 | D:5      | Acquired the +8 great sword of Caahai {venom, Str+7 SInv}
  6014 | D:6      | Killed Blork the orc
  6014 | D:6      | Reached * piety under Cheibriados
  6148 | D:6      | Found Ydoaxam's Magic Scroll Emporium.
  6167 | D:6      | You pick up a book of Flames and begin reading...
  6167 | D:6      | You add the spells Foxfire, Conjure Flame, Inner Flame and
                  | Flame Wave to your library.
  6197 | D:6      | Reached skill level 3 in Invocations
  6285 | D:6      | Noticed Menkaure
  6296 | D:6      | Killed Menkaure
  6297 | D:6      | Reached skill level 4 in Spellcasting
  6297 | D:6      | Reached XP level 8. HP: 52/60 MP: 12/14
  6491 | D:6      | Found Hisozul's Armour Emporium.
  6588 | D:6      | Reached skill level 4 in Fighting
  6588 | D:6      | Reached skill level 3 in Short Blades
  6588 | D:6      | Reached skill level 3 in Long Blades
  6588 | D:6      | Reached skill level 3 in Axes
  6588 | D:6      | Reached skill level 3 in Maces & Flails
  6588 | D:6      | Reached skill level 3 in Polearms
  6588 | D:6      | Reached skill level 3 in Staves
  6588 | D:6      | Reached skill level 3 in Slings
  6588 | D:6      | Reached skill level 3 in Bows
  6588 | D:6      | Reached skill level 3 in Throwing
  6588 | D:6      | Reached skill level 3 in Armour
  6588 | D:6      | Reached skill level 3 in Dodging
  6588 | D:6      | Reached skill level 3 in Stealth
  6588 | D:6      | Reached skill level 3 in Shields
  6588 | D:6      | Reached skill level 3 in Unarmed Combat
  6588 | D:6      | Reached skill level 4 in Evocations
  6970 | D:6      | Bought a scroll of enchant armour for 97 gold pieces
  7281 | D:7      | Reached ** piety under Cheibriados
  7580 | D:7      | Reached skill level 3 in Conjurations
  7580 | D:7      | Reached skill level 3 in Hexes
  7580 | D:7      | Reached skill level 3 in Summonings
  7580 | D:7      | Reached skill level 3 in Necromancy
  7580 | D:7      | Reached skill level 3 in Translocations
  7580 | D:7      | Reached skill level 3 in Transmutations
  7580 | D:7      | Reached skill level 3 in Fire Magic
  7580 | D:7      | Reached skill level 3 in Ice Magic
  7580 | D:7      | Reached skill level 3 in Earth Magic
  7580 | D:7      | Reached skill level 3 in Poison Magic
  7580 | D:7      | Reached skill level 4 in Invocations
  7585 | D:7      | Reached XP level 9. HP: 22/66 MP: 12/16
  7834 | D:7      | You pick up a book of Conjurations {@e2} and begin
                  | reading...
  7834 | D:7      | You add the spells Magic Dart, Searing Ray and Fulminant
                  | Prism to your library.
  7969 | D:7      | Found a runed translucent gate.
  7969 | D:7      | Found a runed translucent gate.
  7969 | D:7      | Found a runed translucent gate.
  8032 | D:7      | Noticed pigah's ghost (novice OpAE)
  8637 | D:8      | Reached skill level 4 in Short Blades
  8637 | D:8      | Reached skill level 4 in Long Blades
  8637 | D:8      | Reached skill level 4 in Axes
  8637 | D:8      | Reached skill level 4 in Maces & Flails
  8637 | D:8      | Reached skill level 4 in Polearms
  8637 | D:8      | Reached skill level 4 in Staves
  8637 | D:8      | Reached skill level 4 in Slings
  8637 | D:8      | Reached skill level 4 in Bows
  8637 | D:8      | Reached skill level 4 in Throwing
  8637 | D:8      | Reached skill level 4 in Armour
  8637 | D:8      | Reached skill level 4 in Dodging
  8637 | D:8      | Reached skill level 4 in Stealth
  8637 | D:8      | Reached skill level 4 in Shields
  8637 | D:8      | Reached skill level 4 in Unarmed Combat
  8909 | D:8      | You add the spells Alistair's Intoxication, Borgnjor's Vile
                  | Clutch and Eringya's Noxious Bog to your library.
  8959 | D:8      | Reached skill level 5 in Spellcasting
  9104 | D:8      | Reached skill level 5 in Fighting
  9104 | D:8      | Reached skill level 8 in Air Magic
  9104 | D:8      | Reached skill level 5 in Evocations
  9111 | D:8      | HP: 15/68 [yak (5)]
  9113 | D:8      | Reached skill level 8 in Crossbows
  9120 | D:8      | Reached skill level 5 in Invocations
 10179 | D:9      | Reached *** piety under Cheibriados
 10362 | D:9      | Noticed a two-headed ogre
 10367 | D:9      | Killed a two-headed ogre
 10368 | D:9      | Reached skill level 5 in Short Blades
 10368 | D:9      | Reached skill level 5 in Long Blades
 10368 | D:9      | Reached skill level 5 in Axes
 10368 | D:9      | Reached skill level 5 in Maces & Flails
 10368 | D:9      | Reached skill level 5 in Polearms
 10368 | D:9      | Reached skill level 5 in Staves
 10368 | D:9      | Reached skill level 5 in Slings
 10368 | D:9      | Reached skill level 5 in Bows
 10368 | D:9      | Reached skill level 5 in Throwing
 10368 | D:9      | Reached skill level 5 in Armour
 10368 | D:9      | Reached skill level 5 in Dodging
 10368 | D:9      | Reached skill level 5 in Stealth
 10368 | D:9      | Reached skill level 5 in Shields
 10368 | D:9      | Reached skill level 5 in Unarmed Combat
 10368 | D:9      | Reached skill level 4 in Conjurations
 10368 | D:9      | Reached skill level 4 in Hexes
 10368 | D:9      | Reached skill level 4 in Summonings
 10368 | D:9      | Reached skill level 4 in Necromancy
 10368 | D:9      | Reached skill level 4 in Translocations
 10368 | D:9      | Reached skill level 4 in Transmutations
 10368 | D:9      | Reached skill level 4 in Fire Magic
 10368 | D:9      | Reached skill level 4 in Ice Magic
 10368 | D:9      | Reached skill level 4 in Earth Magic
 10368 | D:9      | Reached skill level 4 in Poison Magic
 10368 | D:9      | Reached XP level 10. HP: 76/76 MP: 18/18
 10695 | D:9      | Noticed a deep elf pyromancer
 10706 | D:9      | Killed a deep elf pyromancer
 10707 | D:9      | Reached skill level 6 in Spellcasting
 11117 | D:10     | Entered Level 10 of the Dungeon
 11132 | D:10     | Reached skill level 6 in Fighting
 11132 | D:10     | Reached skill level 6 in Evocations
 11279 | D:10     | Noticed Erica
 11295 | D:10     | HP: 18/76 [Erica/lance of force (19)]
 11300 | D:10     | the +5 crystal plate armour "Etopeoq" {rCorr, rare=g} melds
                  | into your body.
 11300 | D:10     | Killed Erica
 11301 | D:10     | Reached skill level 6 in Invocations
 11309 | D:10     | Noticed a centaur warrior
 11309 | D:10     | Identified the +11 short sword "Impbane" {holy, Int+5}
 11310 | D:10     | HP: 24/114 [centaur warrior/arrow (3)]
 11314 | D:10     | Killed a centaur warrior
 11327 | D:10     | the +5 crystal plate armour "Etopeoq" {rCorr, rare=g}
                  | unmelds from your body.
 11630 | D:10     | Reached XP level 11. HP: 58/83 MP: 20/20
 11817 | D:10     | Reached **** piety under Cheibriados
 11824 | D:10     | Identified the ring "Rize" {Fire Will+ Str-3 Dex+8}
 11833 | D:10     | Reached skill level 9 in Crossbows
 11849 | D:10     | Reached skill level 6 in Short Blades
 11849 | D:10     | Reached skill level 6 in Long Blades
 11849 | D:10     | Reached skill level 6 in Axes
 11849 | D:10     | Reached skill level 6 in Maces & Flails
 11849 | D:10     | Reached skill level 6 in Polearms
 11849 | D:10     | Reached skill level 6 in Staves
 11849 | D:10     | Reached skill level 6 in Slings
 11849 | D:10     | Reached skill level 6 in Bows
 11849 | D:10     | Reached skill level 6 in Throwing
 11849 | D:10     | Reached skill level 6 in Armour
 11849 | D:10     | Reached skill level 6 in Dodging
 11849 | D:10     | Reached skill level 6 in Stealth
 11849 | D:10     | Reached skill level 6 in Shields
 11849 | D:10     | Reached skill level 6 in Unarmed Combat
 11910 | D:10     | Noticed a four-headed hydra
 11921 | D:10     | Killed a one-headed hydra
 11922 | D:10     | Reached skill level 5 in Conjurations
 11922 | D:10     | Reached skill level 5 in Hexes
 11922 | D:10     | Reached skill level 5 in Summonings
 11922 | D:10     | Reached skill level 5 in Necromancy
 11922 | D:10     | Reached skill level 5 in Translocations
 11922 | D:10     | Reached skill level 5 in Transmutations
 11922 | D:10     | Reached skill level 5 in Fire Magic
 11922 | D:10     | Reached skill level 5 in Ice Magic
 11922 | D:10     | Reached skill level 5 in Earth Magic
 11922 | D:10     | Reached skill level 5 in Poison Magic
 11923 | D:10     | Noticed a green ugly thing
 11933 | D:10     | Noticed a boulder beetle
 11936 | D:10     | Killed a green ugly thing
 11941 | D:10     | HP: 20/83 [poisoned by a green ugly thing]
 11946 | D:10     | HP: 16/83 [poisoned by a green ugly thing]
 11959 | D:10     | Killed a boulder beetle
 12538 | D:10     | Reached skill level 7 in Spellcasting
 12611 | D:10     | Noticed Erolcha
 12617 | D:10     | Killed Erolcha
 12618 | D:10     | Reached skill level 9 in Air Magic
 12618 | D:10     | Reached skill level 7 in Invocations
 12766 | D:10     | You add the spells Borgnjor's Revivification, Necromutation
                  | and Death's Door to your library.
 12867 | D:11     | Noticed Gastronok
 12880 | D:11     | Reached skill level 7 in Fighting
 12880 | D:11     | Reached skill level 7 in Evocations
 12880 | D:11     | Killed Gastronok
 13354 | D:11     | Noticed a manticore
 13367 | D:11     | Killed a manticore
 13638 | D:11     | You pick up a book of the Hunter and begin reading...
 13638 | D:11     | You add the spells Call Canine Familiar, Portal Projectile
                  | and Leda's Liquefaction to your library.
 13658 | D:11     | Learned a level 3 spell: Call Canine Familiar
 13727 | D:11     | Reached XP level 12. HP: 74/91 MP: 23/23
 13739 | D:11     | Found a staircase to the Lair.
 13753 | Lair:1   | Entered Level 1 of the Lair of Beasts
 14012 | Lair:1   | Reached skill level 7 in Short Blades
 14012 | Lair:1   | Reached skill level 7 in Long Blades
 14012 | Lair:1   | Reached skill level 7 in Axes
 14012 | Lair:1   | Reached skill level 7 in Maces & Flails
 14012 | Lair:1   | Reached skill level 7 in Polearms
 14012 | Lair:1   | Reached skill level 7 in Staves
 14012 | Lair:1   | Reached skill level 7 in Slings
 14012 | Lair:1   | Reached skill level 7 in Bows
 14012 | Lair:1   | Reached skill level 7 in Throwing
 14012 | Lair:1   | Reached skill level 7 in Armour
 14012 | Lair:1   | Reached skill level 7 in Dodging
 14012 | Lair:1   | Reached skill level 7 in Stealth
 14012 | Lair:1   | Reached skill level 7 in Shields
 14012 | Lair:1   | Reached skill level 7 in Unarmed Combat
 14143 | Lair:1   | Reached skill level 6 in Conjurations
 14143 | Lair:1   | Reached skill level 6 in Hexes
 14143 | Lair:1   | Reached skill level 6 in Summonings
 14143 | Lair:1   | Reached skill level 6 in Necromancy
 14143 | Lair:1   | Reached skill level 6 in Translocations
 14143 | Lair:1   | Reached skill level 6 in Transmutations
 14143 | Lair:1   | Reached skill level 6 in Fire Magic
 14143 | Lair:1   | Reached skill level 6 in Ice Magic
 14143 | Lair:1   | Reached skill level 6 in Earth Magic
 14143 | Lair:1   | Reached skill level 6 in Poison Magic
 14154 | Lair:1   | HP: 21/92 [blink frog (8)]
 14155 | Lair:1   | Reached ***** piety under Cheibriados
 14156 | Lair:1   | Reached skill level 8 in Invocations
 14159 | Lair:1   | HP: 15/92 [poisoned by a black mamba]
 14161 | Lair:1   | HP: 6/92 [blink frog (4)]
 14750 | Lair:1   | Reached skill level 8 in Spellcasting
 14794 | Lair:1   | Reached skill level 10 in Crossbows
 14816 | Lair:1   | Reached skill level 8 in Fighting
 14816 | Lair:1   | Reached skill level 8 in Evocations
 15705 | Lair:2   | Found a staircase to the Snake Pit.
 15845 | Lair:2   | HP: 17/93 [elephant (13)]
 16297 | Lair:2   | Reached XP level 13. HP: 91/98 MP: 25/25
 16499 | Lair:2   | Acquired the amulet "Keibin" {RegenMP +Inv rN+}
 16791 | Lair:3   | Identified the +6 war axe "Neixuxiz" {speed, Drain rPois
                  | rC+ Stlth+}
 16798 | Lair:3   | Reached skill level 8 in Short Blades
 16798 | Lair:3   | Reached skill level 8 in Long Blades
 16798 | Lair:3   | Reached skill level 8 in Axes
 16798 | Lair:3   | Reached skill level 8 in Maces & Flails
 16798 | Lair:3   | Reached skill level 8 in Polearms
 16798 | Lair:3   | Reached skill level 8 in Staves
 16798 | Lair:3   | Reached skill level 8 in Slings
 16798 | Lair:3   | Reached skill level 8 in Bows
 16798 | Lair:3   | Reached skill level 8 in Throwing
 16798 | Lair:3   | Reached skill level 8 in Armour
 16798 | Lair:3   | Reached skill level 8 in Dodging
 16798 | Lair:3   | Reached skill level 8 in Stealth
 16798 | Lair:3   | Reached skill level 8 in Shields
 16798 | Lair:3   | Reached skill level 8 in Unarmed Combat
 16807 | Lair:3   | HP: 21/99 [torpor snail (4)]
 16812 | Lair:3   | HP: 18/99 [poisoned by a cane toad]
 17235 | Lair:3   | Reached skill level 9 in Invocations
 17284 | Lair:3   | HP: 19/99 [elephant (13)]
 17294 | Lair:3   | Reached skill level 10 in Air Magic
 17628 | Lair:3   | Noticed a dire elephant
 17639 | Lair:3   | Killed a dire elephant
 17865 | Lair:3   | Reached skill level 7 in Conjurations
 17865 | Lair:3   | Reached skill level 7 in Hexes
 17865 | Lair:3   | Reached skill level 7 in Summonings
 17865 | Lair:3   | Reached skill level 7 in Necromancy
 17865 | Lair:3   | Reached skill level 7 in Translocations
 17865 | Lair:3   | Reached skill level 7 in Transmutations
 17865 | Lair:3   | Reached skill level 7 in Fire Magic
 17865 | Lair:3   | Reached skill level 7 in Ice Magic
 17865 | Lair:3   | Reached skill level 7 in Earth Magic
 17865 | Lair:3   | Reached skill level 7 in Poison Magic
 17943 | Lair:3   | Reached skill level 9 in Spellcasting
 17963 | Lair:3   | Reached skill level 9 in Fighting
 17963 | Lair:3   | Reached skill level 9 in Evocations
 18430 | Lair:3   | Acquired 965 gold pieces
 18810 | Lair:3   | You pick up a book of the Hunter and begin reading...
 19004 | Lair:3   | Found the +8 mithril axe "Arga" {speed, Will+}
 19367 | Lair:3   | Reached skill level 11 in Crossbows
 19375 | Lair:3   | Reached XP level 14. HP: 66/108 MP: 27/27
 19526 | Lair:4   | Found a runed translucent door.
 19628 | Lair:4   | Found a transporter.
 19762 | Lair:4   | Found the +6 lightning scales {swift, rElec}
 20115 | Lair:4   | Found a transporter.
 20119 | Lair:4   | Noticed greenreed's ghost (journeyman GnAE)
 20522 | Lair:4   | Found a staircase to the Swamp.
 20701 | Lair:4   | Found the +0 mask of the Dragon {Will+ Slay+3 SInv}
 20712 | Lair:4   | Reached skill level 9 in Short Blades
 20712 | Lair:4   | Reached skill level 9 in Long Blades
 20712 | Lair:4   | Reached skill level 9 in Axes
 20712 | Lair:4   | Reached skill level 9 in Maces & Flails
 20712 | Lair:4   | Reached skill level 9 in Polearms
 20712 | Lair:4   | Reached skill level 9 in Staves
 20712 | Lair:4   | Reached skill level 9 in Slings
 20712 | Lair:4   | Reached skill level 9 in Bows
 20712 | Lair:4   | Reached skill level 9 in Throwing
 20712 | Lair:4   | Reached skill level 9 in Armour
 20712 | Lair:4   | Reached skill level 9 in Dodging
 20712 | Lair:4   | Reached skill level 9 in Stealth
 20712 | Lair:4   | Reached skill level 9 in Shields
 20712 | Lair:4   | Reached skill level 9 in Unarmed Combat
 21388 | Lair:6   | Entered Level 6 of the Lair of Beasts
 21401 | Lair:6   | Reached skill level 10 in Invocations
 21746 | Lair:3   | You pick up a book of Alchemy and begin reading...
 21746 | Lair:3   | You add the spells Sublimation of Blood, Petrify and
                  | Irradiate to your library.
 21764 | Lair:3   | You pick up a book of the Warp and begin reading...
 21764 | Lair:3   | You add the spells Dispersal and Disjunction to your
                  | library.
 22073 | D:12     | Found Digiedur's Assorted Antiques.
 23049 | D:12     | Found a staircase to the Orcish Mines.
 23161 | D:12     | Found a large runed translucent door.
 23161 | D:12     | Found a large runed translucent door.
 23163 | D:12     | Noticed siradein's ghost (journeyman DjFE)
 23308 | D:13     | HP: 27/109 [cyan ugly thing (3)]
 23309 | D:13     | Noticed an ironbound preserver
 23326 | D:13     | Killed an ironbound preserver
 23327 | D:13     | HP: 23/109 [komodo dragon (10)]
 23329 | D:13     | Reached skill level 10 in Spellcasting
 23346 | D:13     | HP: 24/109 [unseen horror (7)]
 23347 | D:13     | HP: 8/109 [tengu conjurer/bolt of lightning[a tengu
                  | conjurer] (14)]
 23848 | D:13     | Reached skill level 8 in Conjurations
 23848 | D:13     | Reached skill level 8 in Hexes
 23848 | D:13     | Reached skill level 8 in Summonings
 23848 | D:13     | Reached skill level 8 in Necromancy
 23848 | D:13     | Reached skill level 8 in Translocations
 23848 | D:13     | Reached skill level 8 in Transmutations
 23848 | D:13     | Reached skill level 8 in Fire Magic
 23848 | D:13     | Reached skill level 8 in Ice Magic
 23848 | D:13     | Reached skill level 8 in Earth Magic
 23848 | D:13     | Reached skill level 8 in Poison Magic
 23950 | D:12     | magus.rc [v1.9.6]
 24252 | D:13     | Reached skill level 10 in Fighting
 24252 | D:13     | Reached skill level 10 in Evocations
 24278 | D:13     | Found a gate to the Vaults.
 24413 | D:13     | Noticed Kirke
 24426 | D:13     | Killed Kirke
 24427 | D:13     | Reached XP level 15. HP: 67/115 MP: 26/29
 24434 | D:13     | Learned a level 6 spell: Eringya's Noxious Bog
 25491 | D:14     | You pick up a book of the Senses and begin reading...
 25491 | D:14     | You add the spells Dazzling Flash, Agony and Silence to
                  | your library.
 25954 | D:14     | Found an ornate altar of the Wu Jian Council.
 26004 | D:14     | Reached skill level 10 in Short Blades
 26004 | D:14     | Reached skill level 10 in Long Blades
 26004 | D:14     | Reached skill level 10 in Axes
 26004 | D:14     | Reached skill level 10 in Maces & Flails
 26004 | D:14     | Reached skill level 10 in Polearms
 26004 | D:14     | Reached skill level 10 in Staves
 26004 | D:14     | Reached skill level 10 in Slings
 26004 | D:14     | Reached skill level 10 in Bows
 26004 | D:14     | Reached skill level 10 in Throwing
 26004 | D:14     | Reached skill level 10 in Armour
 26004 | D:14     | Reached skill level 10 in Dodging
 26004 | D:14     | Reached skill level 10 in Stealth
 26004 | D:14     | Reached skill level 10 in Shields
 26004 | D:14     | Reached skill level 10 in Unarmed Combat
 26004 | D:14     | Reached skill level 11 in Air Magic
 26189 | D:15     | Entered Level 15 of the Dungeon
 26565 | D:15     | Reached skill level 11 in Invocations
 26733 | D:15     | Reached skill level 12 in Crossbows
 27393 | D:15     | Learned a level 2 spell: Sublimation of Blood
 28078 | D:15     | Found a staircase to the Depths.
 28579 | Orc:1    | Entered Level 1 of the Orcish Mines
 28703 | Orc:2    | Entered Level 2 of the Orcish Mines
 29233 | Orc:2    | Found Hyschuthre's Magic Scroll Emporium.
 29243 | Orc:2    | Bought a scroll of fear for 56 gold pieces
 29243 | Orc:2    | Bought 3 scrolls of summoning for 456 gold pieces
 29243 | Orc:2    | Bought a scroll of blinking for 120 gold pieces
 29248 | Orc:2    | Noticed Donald
 29261 | Orc:2    | Killed Donald
 29285 | Orc:2    | You finish taking off the +5 crystal plate armour "Etopeoq"
                  | {rCorr, rare=g}.
 30279 | Orc:1    | Found Qolevixkic's Weapon Shop.
 30472 | Orc:2    | Reached ****** piety under Cheibriados
 30488 | Orc:2    | Noticed an orc warlord
 30497 | Orc:2    | Killed an orc warlord
 30508 | Orc:2    | HP: 3/117 [ice devil[an orc high priest] (33)]
 31040 | Orc:2    | Found a staircase to the Elven Halls.
 31105 | Orc:2    | Reached XP level 16. HP: 98/124 MP: 16/30
 31671 | Orc:2    | Reached skill level 11 in Spellcasting
 31845 | Orc:2    | Found Zaosheseo's Antique Armour Shoppe.
 31846 | Orc:2    | Found Votrod's Antique Weapon Shoppe.
 31848 | Orc:2    | Found Bizon's General Store.
 31848 | Orc:2    | Found Leg Gip's Jewellery Emporium.
 32191 | Snake:1  | Entered Level 1 of the Snake Pit
 32193 | Snake:1  | Identified the +6 quarterstaff of Foyfohug {vorpal, Dex+6}
 32358 | Snake:1  | Reached skill level 11 in Fighting
 32358 | Snake:1  | Reached skill level 11 in Evocations
 32367 | Snake:1  | Reached skill level 9 in Conjurations
 32367 | Snake:1  | Reached skill level 9 in Hexes
 32367 | Snake:1  | Reached skill level 9 in Summonings
 32367 | Snake:1  | Reached skill level 9 in Necromancy
 32367 | Snake:1  | Reached skill level 9 in Translocations
 32367 | Snake:1  | Reached skill level 9 in Transmutations
 32367 | Snake:1  | Reached skill level 9 in Fire Magic
 32367 | Snake:1  | Reached skill level 9 in Ice Magic
 32367 | Snake:1  | Reached skill level 9 in Earth Magic
 32367 | Snake:1  | Reached skill level 9 in Poison Magic
 33546 | Snake:1  | HP: 21/125 [mana viper (11)]
 33551 | Snake:1  | HP: 19/125 [poisoned by a naga ritualist (toxic radiance)]
 33552 | Snake:1  | HP: 6/125 [black mamba (14)]
 33595 | Snake:1  | HP: 20/125 [salamander/+0 halberd (2)]
 34631 | Snake:2  | HP: 29/125 [naga sharpshooter/arrow (8)]
 34632 | Snake:2  | Reached skill level 11 in Short Blades
 34632 | Snake:2  | Reached skill level 11 in Long Blades
 34632 | Snake:2  | Reached skill level 11 in Axes
 34632 | Snake:2  | Reached skill level 11 in Maces & Flails
 34632 | Snake:2  | Reached skill level 11 in Polearms
 34632 | Snake:2  | Reached skill level 11 in Staves
 34632 | Snake:2  | Reached skill level 11 in Slings
 34632 | Snake:2  | Reached skill level 11 in Bows
 34632 | Snake:2  | Reached skill level 11 in Throwing
 34632 | Snake:2  | Reached skill level 11 in Armour
 34632 | Snake:2  | Reached skill level 11 in Dodging
 34632 | Snake:2  | Reached skill level 11 in Stealth
 34632 | Snake:2  | Reached skill level 11 in Shields
 34632 | Snake:2  | Reached skill level 11 in Unarmed Combat
 34636 | Snake:2  | HP: 19/125 [naga sharpshooter/arrow (9)]
 35941 | Snake:2  | Reached skill level 12 in Invocations
 36512 | Snake:3  | HP: 29/126 [shock serpent/electric aura (3)]
 36514 | Snake:3  | HP: 13/126 [shock serpent/electric aura (12)]
 37149 | Snake:3  | You drop the +5 crystal plate armour "Etopeoq" {rCorr,
                  | rare=g}.
 37154 | Snake:3  | Could not pick up the +5 crystal plate armour "Etopeoq"
                  | {rCorr, rare=g} here; ([A]lways) ignore it?
 37154 | Snake:3  | Could not pick up the +5 crystal plate armour "Etopeoq"
                  | {rCorr, rare=g} here; ([A]lways) ignore it?
 37154 | Snake:3  | Could not pick up the +5 crystal plate armour "Etopeoq"
                  | {rCorr, rare=g} here; ([A]lways) ignore it?
 37154 | Snake:3  | Could not pick up the +5 crystal plate armour "Etopeoq"
                  | {rCorr, rare=g} here; ([A]lways) ignore it?
 38198 | Snake:4  | Entered Level 4 of the Snake Pit
 38248 | Snake:4  | HP: 31/126 [shock serpent (4)]
 38983 | Snake:4  | Reached skill level 13 in Crossbows
 38998 | Snake:4  | Reached XP level 17. HP: 42/132 MP: 6/32
 41615 | Snake:4  | Learned a level 8 spell: Necromutation
 41663 | Snake:4  | HP: 30/133 [shock serpent (6)]
 41664 | Snake:4  | HP: 14/133 [shock serpent/electric aura (2)]
 41664 | Snake:4  | Killed from afar by a shock serpent

Vanquished Creatures
  Gastronok (D:11)
  Kirke (D:13)
  A nagaraja (Snake:4)
  Donald (Orc:2)
  An orc warlord (Orc:2)
  An ironbound preserver (D:13)
  A stone giant (D:15)
  A dire elephant (Lair:3)
  2 rakshasas (D:14)
  Erolcha (D:10)
  An ogre mage (D:15)
  3 boulder beetles
  5 hydras
  Erica (D:10)
  5 centaur warriors
  5 anacondas
  6 naga warriors
  5 two-headed ogres
  2 tengu warriors (D:15)
  7 shock serpents
  3 orc high priests (Orc:2)
  5 naga sharpshooters
  A salamander mystic (Snake:1)
  2 naga ritualists
  5 lindwurms
  A deep elf pyromancer (D:9)
  6 orc knights
  15 ugly things
  10 mana vipers
  An oklob plant (Lair:3)
  3 cyclopes
  5 orc sorcerers
  4 manticores
  7 salamanders
  2 guardian serpents
  12 naga magi
  28 elephants
  4 torpor snails
  31 black mambas
  11 cane toads
  3 unseen horrors (D:13)
  3 rime drakes
  5 gargoyles
  3 komodo dragons
  9 trolls
  3 tengu conjurers
  A polar bear (Lair:5)
  A hornet (D:10)
  23 blink frogs
  15 slime creatures
  7 spriggans
  3 wyverns
  A vampire (D:9)
  3 wraiths
  46 yaks
  10 basilisks
  A steam dragon (Lair:2)
  15 vampire mosquitoes
  3 acid dragons
  3 wargs
  Menkaure (D:6)
  29 nagas
  17 water moccasins
  A meliai simulacrum (D:11)
  5 black bears
  5 ogres
  24 orc warriors
  7 centaurs
  An ice beast (D:7)
  6 wolves (Lair:1)
  3 kobold brigands
  Blork the orc (D:6)
  9 bullfrogs
  3 scorpions
  3 killer bees (D:11)
  A nameless horror (D:12)
  9 howler monkeys
  3 hounds
  20 orc priests
  A jelly (D:5)
  2 gnoll shamans
  2 iguanas
  12 orc wizards
  9 gnolls
  4 adders
  3 white imps
  2 worms (D:2)
  2 dart slugs
  74 orcs
  5 ball pythons
  5 endoplasms
  3 giant cockroaches
  2 goblins
  3 hobgoblins
  2 jackals (D:4)
  17 kobolds
  2 quokkas
  2 bats
  3 frilled lizards
  A rat (D:2)
669 creatures vanquished.

Vanquished Creatures (collateral kills)
  A centaur warrior (D:15)
  A shock serpent (Snake:3)
  A naga sharpshooter (Snake:2)
  2 naga ritualists
  2 mana vipers (Snake:1)
  An ugly thing (D:14)
  An orc sorcerer (Orc:2)
  2 cyclopes (D:14)
  A manticore (D:15)
  A kobold demonologist (D:13)
  A wolf spider simulacrum (D:15)
  A shadow (D:12)
  A hog (D:13)
  A naga (Snake:4)
  2 orc warriors
  3 ogres
  2 centaurs (D:15)
  2 orc priests
  An orc wizard (Orc:2)
  2 orcs (D:15)
29 creatures vanquished.

Vanquished Creatures (others)
  A komodo dragon (D:13)
  A human (D:13)
  88 fungi
  82 plants
172 creatures vanquished.

Grand Total: 870 creatures vanquished

Table legend:
 A = Non-vault XP
 B = Vault XP
 C = Vault XP percentage of total XP
 D = Non-vault monster count
 E = Vault monster count
 F = Vault count percentage of total count
                 A         B        C        D         E       F
            +---------+---------+-------+---------+---------+-------
      Total |  140275 |   52038 |  27.1 |     551 |     147 |  21.1
            +---------+---------+-------+---------+---------+-------
        D:1 |       7 |       0 |   0.0 |       5 |       0 |   0.0
        D:2 |      59 |       0 |   0.0 |      16 |       0 |   0.0
        D:3 |     139 |       0 |   0.0 |      11 |       0 |   0.0
        D:4 |     184 |       0 |   0.0 |      22 |       0 |   0.0
        D:5 |     425 |       0 |   0.0 |      12 |       0 |   0.0
        D:6 |     512 |     259 |  33.6 |      14 |       2 |  12.5
        D:7 |     856 |       0 |   0.0 |      16 |       0 |   0.0
        D:8 |    1704 |       0 |   0.0 |      15 |       0 |   0.0
        D:9 |    2315 |       0 |   0.0 |      17 |       0 |   0.0
       D:10 |    2356 |    5279 |  69.1 |      22 |       8 |  26.7
       D:11 |    3945 |    1899 |  32.5 |      18 |       7 |  28.0
       D:12 |    7369 |       0 |   0.0 |      17 |       0 |   0.0
       D:13 |    7342 |    5631 |  43.4 |      27 |      10 |  27.0
       D:14 |    8626 |       0 |   0.0 |      19 |       0 |   0.0
       D:15 |   13940 |    2673 |  16.1 |      40 |       3 |   7.0
     Lair:1 |    6642 |    2886 |  30.3 |      29 |      13 |  31.0
     Lair:2 |    5116 |     199 |   3.7 |      15 |       1 |   6.2
     Lair:3 |    9644 |   13537 |  58.4 |      42 |      26 |  38.2
     Lair:4 |    2870 |    1276 |  30.8 |      14 |       2 |  12.5
     Lair:5 |    3886 |    2243 |  36.6 |      13 |       9 |  40.9
     Lair:6 |    1425 |       0 |   0.0 |       4 |       0 |   0.0
    Snake:1 |   20184 |    1433 |   6.6 |      44 |       3 |   6.4
    Snake:2 |    8842 |       0 |   0.0 |      17 |       0 |   0.0
    Snake:3 |   14328 |       0 |   0.0 |      28 |       0 |   0.0
    Snake:4 |   12823 |    2892 |  18.4 |      28 |       4 |  12.5
      Orc:1 |    1796 |       0 |   0.0 |      22 |       0 |   0.0
      Orc:2 |    2940 |   11831 |  80.1 |      24 |      59 |  71.1
            +---------+---------+-------+---------+---------+-------

Illustrated notes

Table legend:
 A = Kills in this place as a percentage of kills in entire the game.
 B = Kills by you in this place as a percentage of kills by you in the entire game.
 C = Kills by friends in this place as a percentage of kills by friends in the entire game.
 D = Other kills in this place as a percentage of other kills in the entire game.
 E = Experience gained in this place as a percentage of experience gained in the entire game.
 F = Experience gained in this place divided by the number of levels of this place that you have seen.
                   A       B       C       D       E      F
               +-------+-------+-------+-------+-------+----------------------
         Total | 100.0 | 100.0 | 100.0 | 100.0 | 100.0 | 6868.3
       Dungeon |  43.1 |  42.4 |  58.6 | 100.0 |  34.1 | 4368.0
          Lair |  24.1 |  25.1 |   0.0 |   0.0 |  25.9 | 8287.3
     Snake Pit |  17.8 |  17.5 |  24.1 |   0.0 |  31.5 | 15125.5
  Orcish Mines |  15.0 |  15.0 |  17.2 |   0.0 |   8.6 | 8283.5
               +-------+-------+-------+-------+-------+----------------------

Table legend: (Time is in decaauts)
 A = Elapsed time spent in this place.
 B = Non-inter-level travel time spent in this place.
 C = Inter-level travel time spent in this place.
 D = Time resting spent in this place.
 E = Time spent auto-exploring this place.
 F = Levels seen in this place.
 G = Mean time per level.
                   A        B        C        D        E       F      G
               +--------+--------+--------+--------+--------+-----+--------+
         Total |  52216 |  49736 |   2480 |  17477 |  26609 |  28 | 1864.9 |
       Dungeon |  25524 |  24294 |   1230 |   5671 |  15926 |  15 | 1701.6 |
        Temple |     64 |     44 |     20 |      0 |      7 |   1 |   64.0 |
          Lair |  10945 |  10323 |    622 |   2600 |   6206 |   6 | 1824.2 |
     Snake Pit |  11037 |  10871 |    166 |   7186 |   2753 |   4 | 2759.2 |
  Orcish Mines |   4646 |   4206 |    440 |   2018 |   1716 |   2 | 2323.0 |
               +--------+--------+--------+--------+--------+-----+--------+

Top non-repeatable levels by time:
 Snake:4: 3342 daAuts
   Orc:2: 3264 daAuts
    D:12: 2934 daAuts
    D:15: 2919 daAuts
 Snake:1: 2905 daAuts
  Lair:3: 2773 daAuts
  Lair:1: 2523 daAuts
 Snake:3: 2503 daAuts
 Snake:2: 2286 daAuts
  Lair:2: 2274 daAuts
     D:9: 2230 daAuts
  Lair:4: 2207 daAuts
     D:8: 2007 daAuts
    D:10: 1833 daAuts
     D:5: 1791 daAuts
